 Dungeon Crawl Stone Soup version 0.21.1-1-g345015f (webtiles) character file.

19 inc the Scratcher (level 2, 0/14 HPs)
             Began as a Felid Chaos Knight on Feb 23, 2018.
             Slain by a bat (1 damage)
             ... on level 2 of the Dungeon.
             The game lasted 00:01:44 (691 turns).

inc the Scratcher (Felid Chaos Knight)               Turns: 691, Time: 00:01:45

Health: 0/14       AC: -1    Str: 13    XL:     2   Next: 55%
Magic:  3/3        EV: 18    Int: 13    God:    Xom [..*...]
Gold:   37         SH:  0    Dex: 15    Spells: 1/1 levels left
                                        Lives:  0   Deaths: 0

rFire    . . .     SeeInvis +     - Unarmed
rCold    . . .     Gourm    .   (shield unavailable)
rNeg     . . .     Faith    .   (armour unavailable)
rPois    .         Spirit   .   (helmet unavailable)
rElec    .         Reflect  .   (cloak unavailable)
rCorr    .         Harm     .   (gloves unavailable)
MR       .....                  (boots unavailable)
Stlth    ++........             (no amulet)
HPRegen  0.04/turn              c - -2 ring of protection (curse)
MPRegen  0.08/turn              (no ring)

@: mighty, quick
A: very small, no armour, no weapons or thrown items, stealth, claws 1, fangs 3,
see invisible, blink, carnivore, speed 1, mutation resistance 1, shaggy fur 1,
slow metabolism 1, sharp paws
a: Blink, Renounce Religion


You were on level 2 of the Dungeon.
You worshipped Xom.
You were a toy of Xom.
You were not hungry.

You visited 1 branch of the dungeon, and saw 2 of its levels.

You collected 37 gold pieces.

Inventory:

Jewellery
 c - a cursed -2 ring of protection (left paw)
Scrolls
 b - a scroll of identify
 f - a scroll of teleportation
Comestibles
 a - a ration


   Skills:
 - Level 3.0 Fighting
 - Level 3.2 Dodging
 + Level 3.9 Unarmed Combat


You had one spell level left.
You didn't know any spells.

Dungeon Overview and Level Annotations

Branches:
Dungeon (2/15)

Altars:


Innate Abilities, Weirdness & Mutations

You cannot wear armour.
You are incapable of wielding weapons or throwing items.
Your paws allow you to move quietly. (Stealth)
You have sharp claws.
You have razor-sharp teeth.
You have supernaturally acute eyesight. (SInv)
You are carnivorous and can eat meat at any time.
You cover ground quickly.
You are covered in fur. (AC +1)
You have a slow metabolism.
Your sharp claws are effective at attacking unaware monsters.
You can translocate small distances at will.
You are somewhat resistant to further mutation.


Message History

You closely miss the jackal. Your bite misses the jackal. The jackal bites you.
The kobold moves out of view.
The jackal barely misses you. x2
You scratch the jackal.
You kill the jackal!
Xom grants you a minor favour.
You feel very mighty all of a sudden. The bat misses you.
The jackal barely misses you. The jackal completely misses you.
You closely miss the bat. The bat closely misses you.
The jackal barely misses you. The goblin misses you. The jackal bites you.
* * * LOW HITPOINT WARNING * * *
The jackal closely misses you. x2
A hobgoblin comes into view.
The hobgoblin shouts!
The bat hits you.
* * * LOW HITPOINT WARNING * * *
The goblin closely misses you. The jackal barely misses you.
The bat completely misses you. The bat hits you.
You die...

******##*,,,....#...............#
****,,...,**#...................#
,,**,,....###...............###.#
,,**,,......................###..
,,**,,.......Kw######..........#.
,,,,,,.......hh...........)....#.
,,,,,,....###.........####.....##
*,,,,,g..,* #.ghb........###.....
,,,,,,.,,,* #...@........# #.....
,,,,,,,,,,**#.......)....# #.....
,,,,*****#.............#####.....
,,,,*****#.%...#####...#.........
,,,,*,,,.......# #...#.........
,,***,,,.......# #...#......###
,,* *,,,.......* #...#......# #
,,* *****#....,* *,,,#.....)# #
,,* ******* *,,,########


You could see a worm, 3 jackals, a goblin, a bat and a kobold.

Vanquished Creatures
  2 bats
  A giant cockroach (D:1)
  A goblin (D:1)
  3 hobgoblins
  3 jackals
  A quokka (D:2)
  4 kobolds
  2 rats
17 creatures vanquished.

Notes
Turn   | Place    | Note
-------+----------+-------------------------------------------
     0 | D:1      | inc the Felid Chaos Knight began the quest for the Orb.
     0 | D:1      | Reached XP level 1. HP: 10/10 MP: 2/2
   149 | D:1      | XOM: harmless Pois miscast
   304 | D:1      | XOM: potion effect (invisibility)
   327 | D:1      | Reached XP level 2. HP: 12/14 MP: 3/3
   567 | D:2      | XOM: divination: detect items
   640 | D:2      | Gained mutation: You can translocate small distances at will. [potion of mutation]
   640 | D:2      | Gained mutation: You are somewhat resistant to further mutation. [potion of mutation]
   686 | D:2      | XOM: potion effect (might)
   691 | D:2      | Slain by a bat

Action                   || total
-------------------------++-------
Melee: Unarmed           ||    43
       Bite              ||     2
  Use: Scroll            ||     6
       Potion            ||     1
 Stab: Sleeping          ||     3
Armor: Skin              ||     1
Dodge: Dodged            ||    53
